[Event "*** Titled Tuesday Blitz"]
[Site "Chess.com"]
[Date "2021.03.30"]
[Round "8"]
[White "pastouche06"]
[Black "Kotofeyca"]
[Result "1-0"]
[WhiteElo "2556"]
[BlackElo "2391"]
[TimeControl "180+1"]
[EndTime "11:28:49 PDT"]
[Termination "pastouche06 won by checkmate"]

1. d4 d5 2. c4 c6 3. Nf3 Nf6 4. Qc2 Bg4 5. Ne5 Bh5 6. cxd5 cxd5 7. e4 e6 8. exd5 exd5 9. Bb5+ Nfd7 10. Qf5 Bg6 11.
Nxg6 Bb4+ 12. Nc3 hxg6 13. Qxd5 Qc7 14. Qb3 Bxc3+ 15. Qxc3 Nc6 16. g3 a6 17. Bf4 Qb6 18.
Bxc6 bxc6 19. O-O O-O 20. Rfe1 Nf6 21. Bd6 Rfd8 22. Bc5 Qb5 23. a4 Qb7 24. b4 Nd5 25. Qc4 Rab8 26. Rab1 Rd7 27. Re2 Qc8 28. Rbe1 Kh7 29.
Re4 Rdb7 30. Qxa6 Qf5 31. Rh4+ Kg8 32. Qe2 g5 33. Qe8+ Rxe8 34. Rxe8# 1-0

[Event "*** Titled Tuesday Blitz"]
[Site "Chess.com"]
[Date "2021.03.30"]
[Round "8"]
[White "karinachess1"]
[Black "Limelight2727"]
[Result "1/2-1/2"]
[WhiteElo "2488"]
[BlackElo "2367"]
[TimeControl "180+1"]
[EndTime "11:28:49 PDT"]
[Termination "Game drawn by repetition"]

1. e4 c5 2. Nf3 g6 3. d4 cxd4 4.
Qxd4 Nf6 5. Nc3 Nc6 6. Qa4 d6 7. e5 dxe5 8. Nxe5 Bd7 9. Nxd7 Nxd7 10. Bb5 Bg7 11. O-O O-O 12. Rd1 Qc8 13. Nd5 Nb6 14. Nxb6 axb6 15. Qh4 Nd4 16. Bd3 Nxc2 17. Rb1 Nd4 18.
Be3 Nf5 19. Bxf5 Qxf5 20. Qxe7 Rxa2 21. Qxb7 Rxb2 22. Rxb2 Bxb2 23. Qxb6 Bg7 24. h3 h5 25. Qc6 Rc8 26. Qb7 h4 27. Rd5 Qe6 28. Rd7 Rc1+ 29. Bxc1 Qe1+ 30. Kh2 Be5+ 31. f4 Qg3+ 32. Kg1 Qe1+ 33. Kh2 Qg3+ 34. Kg1 Qe1+ 35. Kh2 1/2-1/2

[Event "*** Titled Tuesday Blitz"]
[Site "Chess.com"]
[Date "2021.03.30"]
[Round "8"]
[White "AldokhinIvan"]
[Black "ajdemipopushi"]
[Result "0-1"]
[WhiteElo "2502"]
[BlackElo "2358"]
[TimeControl "180+1"]
[EndTime "11:28:49 PDT"]
[Termination "ajdemipopushi won on time"]

1. e4 c5 2. Nf3 g6 3. d4 cxd4 4. Nxd4 Bg7 5. Nc3 Nc6 6. Be3 Nf6 7. Bc4 O-O 8. Bb3 Ng4 9. Qxg4 Nxd4 10. O-O Nxb3 11.
axb3 d5 12. Qh4 d4 13. Rad1 e5 14. Qxd8 Rxd8 15. Nd5 dxe3 16. Ne7+ Kf8 17. Rxd8+ Kxe7 18. Rg8 Bh6 19. Ra1 a5 20. Rd1 b6 21. f3 Bb7 22. Rxa8 Bxa8 23. Kf1 f5 24. exf5 gxf5 25. Ra1 e4 26. Ke2 exf3+ 27. gxf3 Bc6 28. c4 f4 29. b4 axb4 30. Ra7+ Bd7 31. Rb7 Bg7 32. Rxb6 Bxb2 33. Rxb4 Be5 34. Rb6 Be6 35. Kd3 h5 36. Rb7+ Kf6 37.
c5 Bc8 38. Rb6+ Ke7 39. Rh6 Bf6 40. Rxh5 Ba6+ 41. Kc2 e2 42. Rh7+ Ke6 43. Kd2 Bc3+ 44. Kxc3 e1=Q+ 0-1

[Event "*** Titled Tuesday Blitz"]
[Site "Chess.com"]
[Date "2021.03.30"]
[Round "8"]
[White "MarcoRiehle"]
[Black "Msb2"]
[Result "0-1"]
[WhiteElo "2713"]
[BlackElo "2923"]
[TimeControl "180+1"]
[EndTime "11:28:51 PDT"]
[Termination "Msb2 won by checkmate"]

1. e4 c6 2. c4 d5 3. cxd5 cxd5 4. exd5 Nf6 5. Nc3 Nxd5 6. Nf3 Nc6 7. Bb5 e6 8. O-O Be7 9. d4 O-O 10. Re1 a6 11.
Bd3 Nf6 12. Ne5 Nxd4 13. Bg5 Nc6 14. Qf3 Qc7 15. Bf4 Bd6 16. Qg3 Nh5 17. Qh4 g6 18. Nxc6 Nxf4 19. Ne4 f5 20. Nxd6 Qxd6 21. Ne7+ Kg7 22.
Bxf5 exf5 23. Rad1 Qb4 24. g3 Nd3 25. Nxf5+ Bxf5 26. Re7+ Rf7 27. Rxf7+ Kxf7 28. Qxh7+ Kf6 29. h4 Re8 30.
Kh2 Nxf2 31. Rf1 Ng4+ 32. Kg1 Qc5+ 33. Kh1 Qd5+ 34. Kg1 Qd4+ 35. Kh1 Qe4+ 36. Kg1 Qe3+ 37. Kg2 Qe2+ 38. Kg1 Qh2# 0-1

[Event "*** Titled Tuesday Blitz"]
[Site "Chess.com"]
[Date "2021.03.30"]
[Round "8"]
[White "LamaChampetre"]
[Black "BozeKat"]
[Result "1-0"]
[WhiteElo "2213"]
[BlackElo "2016"]
[TimeControl "180+1"]
[EndTime "11:28:51 PDT"]
[Termination "LamaChampetre won by resignation"]

1. d4 Nf6 2. c4 e6 3. Nf3 b6 4. g3 Bb7 5. Bg2 Bb4+ 6. Nbd2 O-O 7. O-O c5 8. a3 Bxd2 9. Qxd2 Ne4 10. Qc2 d5 11.
dxc5 bxc5 12. b4 cxb4 13. axb4 dxc4 14. Ng5 f5 15. Nxe4 fxe4 16. Bxe4 Bxe4 17. Qxe4 Qd5 18.
Qxd5 exd5 19. Rd1 Nc6 20. b5 Nb4 21. Ba3 a5 22. bxa6 Rfb8 23. Bxb4 Rxb4 24. Rxd5 Rb6 25. a7 Rb7 26. Rc5 Rbxa7 27. Rxa7 Rxa7 28. Rxc4 Ra1+ 29. Kg2 Ra2 30. e4 g6 31. Rc7 Ra5 32. f4 Ra3 33. e5 Re3 34. Kh3 h6 35. Kg4 Re2 36. h4 Re3 37. h5 g5 38. fxg5 hxg5 39. Kf5 Rxg3 40. Kg6 Kf8 41. h6 g4 42. h7 Rh3 43. Rc8+ Ke7 44. h8=Q Rxh8 45. Rxh8 g3 46. Kf5 Kf7 47.
Rh7+ Kg8 48. Rh5 Kf7 49. Rg5 1-0

[Event "*** Titled Tuesday Blitz"]
[Site "Chess.com"]
[Date "2021.03.30"]
[Round "8"]
[White "Iskusnyh"]
[Black "chessdjw"]
[Result "1-0"]
[WhiteElo "2651"]
[BlackElo "2763"]
[TimeControl "180+1"]
[EndTime "11:28:52 PDT"]
[Termination "Iskusnyh won by checkmate"]

1. d4 Nf6 2. c4 g6 3. g3 Bg7 4.
Bg2 O-O 5. Nc3 Nc6 6. Nf3 d5 7. cxd5 Nxd5 8. O-O e5 9. Nxd5 e4 10.
Ne1 Qxd5 11. e3 Be6 12. Bd2 a5 13. Nd3 Bf5 14. g4 Bc8 15. Nf4 Qg5 16. h3 Re8 17. Rc1 Qe7 18. Qc2 Qd6 19. d5 Nb4 20. Qxc7 Qxc7 21.
Rxc7 Bxb2 22. Rb1 Be5 23. Rc4 Nxa2 24. Rxe4 f5 25. Rc4 fxg4 26. hxg4 Bxg4 27. Nd3 Bd6 28. Rxg4 Rac8 29. Ra4 Rc2 30. Be1 b6 31. Rxb6 Nc1 32. Nxc1 Rxc1 33. Rxd6 Rxe1+ 34. Kh2 Re2 35. Rf4 g5 36. Rf5 h6 37. Rxh6 Kg7 38. Rhf6 Rh8+ 39. Kg3 a4 40. Rf7+ Kg6 41. R5f6+ Kh5 42. Bf3+ g4 43.
Bxg4+ Kg5 44. f4# 1-0

[Event "*** Titled Tuesday Blitz"]
[Site "Chess.com"]
[Date "2021.03.30"]
[Round "8"]
[White "MartinHollan"]
[Black "Piotrek1979"]
[Result "0-1"]
[WhiteElo "2382"]
[BlackElo "2346"]
[TimeControl "180+1"]
[EndTime "11:28:52 PDT"]
[Termination "Piotrek1979 won by checkmate"]

1. d4 d5 2. c4 e6 3. Nc3 Nf6 4. Bf4 Be7 5. e3 O-O 6. Nf3 c5 7. Rc1 cxd4 8. exd4 Nc6 9. a3 b6 10. cxd5 Nxd5 11. Nxd5 Qxd5 12. Bc4 Qe4+ 13. Be3 Bb7 14. Bd3 Qd5 15. Qc2 g6 16. h4 Rac8 17. Qb1 Ba6 18. Be4 Qb5 19. Qc2 Nb4 20. Qd1 Rxc1 21. Bxc1 Rc8 22.
Be3 Nd5 23. Bxd5 Qxd5 24. h5 g5 25. h6 g4 26. Ne5 f5 27. f3 g3 28. Bf4 Qb5 29.
Bxg3 Rc1 30. Kd2 Qxb2+ 31. Ke3 Bg5+ 32. f4 Rxd1 33. Rxd1 Qe2# 0-1

[Event "*** Titled Tuesday Blitz"]
[Site "Chess.com"]
[Date "2021.03.30"]
[Round "8"]
[White "steka121"]
[Black "Danny_Billiards"]
[Result "1-0"]
[WhiteElo "2425"]
[BlackElo "2574"]
[TimeControl "180+1"]
[EndTime "11:28:53 PDT"]
[Termination "steka121 won by resignation"]

1. e4 c5 2. b3 e6 3. Bb2 d5 4.
Bb5+ Bd7 5. Bxd7+ Qxd7 6. exd5 exd5 7. Qe2+ Qe7 8. Nc3 Qxe2+ 9. Ngxe2 Nf6 10. d4 cxd4 11.
Nxd4 Nc6 12. O-O-O Nxd4 13. Rxd4 O-O-O 14. Rhd1 Bc5 15.
Rf4 Rhe8 16. Rf5 Bb6 17. Na4 Bc7 18. Bxf6 gxf6 19. Rdxd5 Rxd5 20. Rxd5 Bxh2 21. Rf5 Be5 22. Nc5 Bc3 23. Nd3 b6 24. Rf4 Kb7 25. Rc4 Be5 26.
Kd1 Rg8 27. g3 Rg6 28. Rh4 h6 29. Rh5 Bd6 30. Ke2 Kc6 31. c4 Kd7 32. a4 Ke6 33. a5 f5 34. axb6 axb6 35. Rh1 Rf6 36. Kf3 Rg6 37. Ra1 Rg4 38. Ra6 Rd4 39. Ke2 Bc7 40. c5 Kd7 41. cxb6 Rd6 42. Ra7 Rxb6 43. Ne5+ Kd6 44. Nc4+ Kd7 45. Nxb6+ 1-0

[Event "*** Titled Tuesday Blitz"]
[Site "Chess.com"]
[Date "2021.03.30"]
[Round "8"]
[White "Eternauta2400"]
[Black "AlexSuv"]
[Result "1-0"]
[WhiteElo "2404"]
[BlackElo "2539"]
[TimeControl "180+1"]
[EndTime "11:28:53 PDT"]
[Termination "Eternauta2400 won by resignation"]

1. e4 c5 2. Nf3 e6 3. d4 cxd4 4. Nxd4 Nc6 5. Nc3 Qc7 6. Be3 a6 7. Qd2 Nf6 8. O-O-O Bb4 9. f3 Ne5 10.
Bf4 d6 11. Nb3 O-O 12. h4 b5 13. h5 h6 14. Bxh6 gxh6 15. Qxh6 Nh7 16. Rh3 f6 17. Rg3+ Kh8 18. f4 Nc4 19. Nd4 Rg8 20.
Rxg8+ Kxg8 21. Qg6+ Qg7 22. Qe8+ Qf8 23. Qg6+ Kh8 24.
Bd3 Bxc3 25. bxc3 Ra7 26. h6 d5 27. Bxc4 dxc4 28. e5 Rd7 29. Rg1 Rxd4 30. cxd4 c3 31.
Kd1 Bb7 32. g4 Bd5 33. f5 fxe5 34. dxe5 Bf3+ 35. Ke1 Be4 36. Qxe6 Ng5 37. Qf6+ Qxf6 38. exf6 Nf3+ 39. Kf2 Nxg1 40. f7 Nh3+ 41. Kg3 1-0

[Event "*** Titled Tuesday Blitz"]
[Site "Chess.com"]
[Date "2021.03.30"]
[Round "8"]
[White "AEMEffi"]
[Black "JiiHart"]
[Result "1-0"]
[WhiteElo "2265"]
[BlackElo "2052"]
[TimeControl "180+1"]
[EndTime "11:28:53 PDT"]
[Termination "AEMEffi won on time"]

1. d4 Nf6 2. c4 g6 3. Nc3 d5 4.
cxd5 Nxd5 5. e4 Nxc3 6. bxc3 Bg7 7.
Bc4 c5 8. Ne2 O-O 9. O-O cxd4 10. cxd4 Nc6 11. Be3 b6 12. Qd2 Bb7 13. Rfd1 Rc8 14.
Bd3 Nxd4 15. Rac1 Nxe2+ 16. Qxe2 Rxc1 17. Rxc1 Qd6 18. h4 Rd8 19. Bc2 Qb4 20. Qf3 e6 21. h5 f5 22. hxg6 hxg6 23. Qg3 Kf7 24. exf5 gxf5 25. Bb3 Rd7 26. Qg5 Qe4 27. f3 Qe5 28. Bf2 Bf6 29. Qh5+ Ke7 30. Re1 Qc3 31. Rxe6+ Kd8 32.
Qe8+ Kc7 33. Bg3+ f4 34. Bxf4+ 1-0

[Event "*** Titled Tuesday Blitz"]
[Site "Chess.com"]
[Date "2021.03.30"]
[Round "8"]
[White "zala02"]
[Black "Mrlammy"]
[Result "1-0"]
[WhiteElo "2149"]
[BlackElo "2283"]
[TimeControl "180+1"]
[EndTime "11:28:53 PDT"]
[Termination "zala02 won by checkmate"]

1. e4 e6 2. d4 d5 3. Nd2 c5 4. exd5 exd5 5. dxc5 Bxc5 6. Ngf3 Nf6 7. Nb3 Bb6 8. Bb5+ Nc6 9. O-O O-O 10. Re1 Bg4 11. c3 h6 12. h3 Bh5 13. Be2 Qd6 14.
Nfd4 Bxe2 15. Rxe2 Rfe8 16. Be3 Ne4 17. Nf5 Qe5 18. Bxb6 Qxf5 19. Be3 Rad8 20. Nd4 Nxd4 21. Qxd4 a6 22. Rd1 Nf6 23. Red2 Re4 24. Qb6 Rd7 25. Qb3 Kh7 26. Bd4 Nh5 27. g4 Qe6 28. Qb6 Rd6 29.
Qc7 Nf4 30. f3 Nxh3+ 31. Kh2 Rc6 32. Qg3 Re2+ 33. Kxh3 Rxd2 34. Rxd2 Qg6 35. Qe5 Rf6 36. Kg3 Qb1 37. Qxd5 Qe1+ 38. Bf2 Qc1 39. Qe4+ g6 40. Rd8 Qxb2 41. Bd4 Re6 42. Rh8# 1-0

[Event "*** Titled Tuesday Blitz"]
[Site "Chess.com"]
[Date "2021.03.30"]
[Round "8"]
[White "catzapto"]
[Black "pfalcon1949"]
[Result "1-0"]
[WhiteElo "2177"]
[BlackElo "1987"]
[TimeControl "180+1"]
[EndTime "11:28:53 PDT"]
[Termination "catzapto won by checkmate"]

1. e4 c5 2. Nf3 Nc6 3. c3 Nf6 4. e5 Nd5 5. d4 d6 6. Bc4 Nb6 7. Bb3 cxd4 8. cxd4 dxe5 9. dxe5 Qxd1+ 10. Bxd1 Bg4 11. Bf4 e6 12. O-O Be7 13. Nc3 O-O 14.
Ne4 Bxf3 15. Bxf3 Nd4 16. Bd1 Rac8 17. Be3 Nc2 18. Bxc2 Rxc2 19. Bxb6 axb6 20. Rab1 Rfc8 21. Nc3 Rc5 22. f4 h6 23. Rfc1 Rxc1+ 24. Rxc1 b5 25. Ne2 b4 26. Rxc5 Bxc5+ 27. Kf1 Kf8 28. Ke1 Ke7 29.
Kd2 Kd7 30. Kd3 Kc6 31. Nd4+ Kd5 32. Nc2 b5 33. Ne3+ Kc6 34. Ke4 g6 35. g4 Bxe3 36.
Kxe3 Kc5 37. b3 Kd5 38. Kd3 g5 39.
Ke3 gxf4+ 40. Kxf4 Kd4 41. h4 Kc3 42. g5 hxg5+ 43.
Kxg5 Kb2 44. h5 Kxa2 45. h6 Kxb3 46. h7 Ka2 47. h8=Q b3 48. Qa8+ Kb1 49. Qb7 b2 50.
Qxb5 Ka1 51. Kf6 b1=Q 52. Qxb1+ Kxb1 53. Kxf7 Kc2 54. Kxe6 Kd3 55. Kd7 Ke4 56. e6 Kf5 57. e7 Ke5 58. e8=Q+ Kf4 59. Kd6 Kf5 60. Qe5+ Kg6 61.
Qf4 Kg7 62. Ke7 Kg6 63. Qg4+ Kh7 64. Kf7 Kh8 65. Qg7# 1-0

[Event "*** Titled Tuesday Blitz"]
[Site "Chess.com"]
[Date "2021.03.30"]
[Round "8"]
[White "Bathory44"]
[Black "Murad_Ibrahimli"]
[Result "0-1"]
[WhiteElo "2663"]
[BlackElo "2814"]
[TimeControl "180+1"]
[EndTime "11:28:55 PDT"]
[Termination "Murad_Ibrahimli won by checkmate"]

1. e4 c5 2. c3 d5 3. exd5 Qxd5 4. d4 g6 5. Nf3 Bg7 6. Na3 cxd4 7. Nb5 Na6 8. Be3 Nf6 9. Qxd4 O-O 10. Bc4 Qxd4 11.
Bxd4 b6 12. O-O-O Bb7 13. Rhe1 Bxf3 14. gxf3 e6 15. b4 Nxb4 16. cxb4 Rfc8 17. Nd6 Rxc4+ 18.
Nxc4 Rc8 19. Kb1 Rxc4 20. a3 Nd5 21. Bxg7 Kxg7 22. Kb2 Rh4 23. Rh1 Kf6 24. Kb3 g5 25. Rde1 Rh3 26. a4 Rxf3+ 27. Kc4 a6 28. a5 Rc3+ 29. Kd4 b5 30. h4 Rc4+ 31. Kd3 Nxb4+ 32. Kd2 g4 33. Rc1 Rf4 34. Ke2 Re4+ 35. Kd2 Rd4+ 36. Ke2 h5 37. Rc8 Kf5 38. Rh8 Kf4 39.
Rxh5 Nd5 40. Rh7 f5 41. h5 Nc3+ 42. Kf1 Kf3 43. Kg1 Ne2+ 44. Kh2 Kxf2 45. h6 g3+ 46. Kh3 Rg4 47. Rg7 Nf4# 0-1

[Event "*** Titled Tuesday Blitz"]
[Site "Chess.com"]
[Date "2021.03.30"]
[Round "8"]
[White "sorrm8thatscheckm8"]
[Black "anasta10"]
[Result "1-0"]
[WhiteElo "2627"]
[BlackElo "2499"]
[TimeControl "180+1"]
[EndTime "11:28:55 PDT"]
[Termination "sorrm8thatscheckm8 won by resignation"]

1. d4 Nf6 2. c4 g6 3. g3 d5 4. cxd5 Nxd5 5. Bg2 Bg7 6. e4 Nb6 7. Ne2 O-O 8. O-O Nc6 9. d5 Na5 10. Nbc3 c6 11. Bf4 cxd5 12. exd5 Nac4 13. Qc2 Bf5 14. Qb3 Rc8 15. Rad1 Qd7 16. Nd4 Bh3 17. Rfe1 Bxg2 18. Kxg2 Nxd5 19. Nxd5 Qxd5+ 20. Nf3 Qc6 21. Rxe7 Bf6 22. Red7 Rfd8 23. Rxd8+ Rxd8 24. Rxd8+ Bxd8 25. Qd3 Bf6 26. b3 Nb2 27. Qd2 h5 28. h4 b6 29.
Bg5 Bg7 30. Qd8+ Kh7 31. Be3 a5 32. Bxb6 a4 33. Bd4 axb3 34. axb3 Nd3 35. Bxg7 Ne1+ 36.
Kf1 Qb5+ 37. Kxe1 Qb4+ 38. Kf1 Qb5+ 39. Kg2 1-0

[Event "*** Titled Tuesday Blitz"]
[Site "Chess.com"]
[Date "2021.03.30"]
[Round "8"]
[White "rachidhuilda"]
[Black "lukazz029"]
[Result "1/2-1/2"]
[WhiteElo "2276"]
[BlackElo "2159"]
[TimeControl "180+1"]
[EndTime "11:28:55 PDT"]
[Termination "Game drawn - insufficient material"]

1. d4 Nf6 2. Bg5 Ne4 3. Bf4 c5 4. f3 Nf6 5. dxc5 Qa5+ 6. Nc3 Qxc5 7. e4 d6 8. Qd2 a6 9. O-O-O e5 10. Be3 Qc7 11.
g4 Be6 12. Kb1 Nc6 13. g5 Nd7 14. h4 b5 15. Nge2 Nb6 16. Bxb6 Qxb6 17. Nd5 Bxd5 18. Qxd5 Rc8 19. Bh3 Rc7 20. Ng3 g6 21. h5 Rg8 22.
hxg6 hxg6 23. Bg4 Qb7 24. Rh7 Nb4 25. Qxb7 Rxb7 26. c3 Nc6 27. Nf1 b4 28. Kc2 bxc3 29. bxc3 Be7 30. Ne3 Bxg5 31. Nd5 Ne7 32. Nb4 a5 33.
Nd3 Nc6 34. Rb1 Rxb1 35. Kxb1 Bf6 36. Kc2 Rh8 37. Rxh8+ Bxh8 38. Kb3 Kd8 39. Kc4 Kc7 40. Kb5 Bg7 41. Nb2 Bh6 42. Nc4 Ne7 43. Kxa5 f5 44. Bh3 Bf4 45. Kb5 d5 46. exd5 Nxd5 47.
a4 Nxc3+ 48. Kc5 Nxa4+ 49. Kd5 Nc3+ 50. Ke6 Ne2 51. Nxe5 Bxe5 52. Kxe5 Kd7 53. Bxf5+ gxf5 54. Kxf5 Kd6 55. f4 Nxf4 1/2-1/2

[Event "*** Titled Tuesday Blitz"]
[Site "Chess.com"]
[Date "2021.03.30"]
[Round "8"]
[White "azikom"]
[Black "anon219"]
[Result "0-1"]
[WhiteElo "2694"]
[BlackElo "2855"]
[TimeControl "180+1"]
[EndTime "11:28:57 PDT"]
[Termination "anon219 won by resignation"]

1. d4 d5 2. Nf3 Nf6 3. Bf4 c5 4. e3 Nc6 5. c3 Qb6 6. Qb3 c4 7. Qc2 Bf5 8. Qc1 Nh5 9. Be5 e6 10.
Nbd2 f6 11. Bg3 Nxg3 12. hxg3 Bd6 13. Nh4 Bg4 14. b3 cxb3 15. axb3 O-O-O 16. b4 e5 17. b5 Na5 18. Bd3 e4 19. c4 dxc4 20. Nxc4 Bb4+ 21.
Kf1 Qc7 22. Bxe4 Nxc4 23. Kg1 Nd6 24. Bd3 Qxc1+ 25. Rxc1+ Kb8 26. Rb1 Ba5 27. Nf3 h5 28. Kh2 Rc8 29. Rhc1 Rxc1 30. Rxc1 Rc8 31. Ra1 Bb6 32.
Ra3 Rc1 33. e4 Bxf3 34. gxf3 Bxd4 35. Kg2 Rc3 36. Rxc3 Bxc3 37. f4 Kc7 38. Kf3 Kb6 39. Be2 Nxb5 40. Ke3 Nd6 41. Bxh5 Kc5 42. Kd3 Bd4 43. f3 b5 44. g4 a5 45. e5 fxe5 46. fxe5 Bxe5 47. f4 Bxf4 0-1

[Event "*** Titled Tuesday Blitz"]
[Site "Chess.com"]
[Date "2021.03.30"]
[Round "8"]
[White "Magila31"]
[Black "HouseOfDurin"]
[Result "0-1"]
[WhiteElo "2265"]
[BlackElo "2161"]
[TimeControl "180+1"]
[EndTime "11:28:57 PDT"]
[Termination "HouseOfDurin won on time"]

1. d4 Nf6 2. c4 c5 3. d5 b5 4.
cxb5 a6 5. e3 axb5 6. Bxb5 Bb7 7.
Nc3 Qa5 8. Bd2 Qb4 9. Nge2 Qxb2 10. O-O Nxd5 11. Rb1 Qa3 12. Rb3 Qa7 13. e4 Nc7 14. Be3 Nc6 15. Nd5 Rc8 16. Nec3 e6 17. Nxc7+ Rxc7 18.
Bf4 Rc8 19. Nd5 Nd4 20. Nc7+ Kd8 21. Rc3 Rxc7 22. Bxc7+ Kc8 23. a4 Nxb5 24. axb5 Kxc7 25. e5 d6 26. Qh5 g6 27. Qg5 Kd7 28. Qf6 Rg8 29. Qxf7+ Be7 30. Qxg8 d5 31. Rf3 d4 32.
Rf7 c4 33. Qg7 Qc5 0-1

[Event "*** Titled Tuesday Blitz"]
[Site "Chess.com"]
[Date "2021.03.30"]
[Round "8"]
[White "gaby_przz"]
[Black "DFeco"]
[Result "0-1"]
[WhiteElo "2454"]
[BlackElo "2330"]
[TimeControl "180+1"]
[EndTime "11:28:58 PDT"]
[Termination "DFeco won on time"]

1. e4 e5 2. Nf3 Nc6 3. Nc3 Nf6 4. Bb5 Bd6 5. d3 O-O 6. g4 Nd4 7. Nxd4 exd4 8. Ne2 c5 9. a4 Bc7 10. Ng3 d5 11. g5 Ng4 12. h3 Ne5 13. f4 Ng6 14. Qf3 Nh4 15. Qf2 a6 16. Nh5 Ng6 17. f5 Ne5 18. f6 g6 19. Bxa6 Rxa6 20. Ng7 dxe4 21. dxe4 d3 22. Be3 dxc2 23. O-O Bxh3 24. Qh4 Bxf1 25.
Rxf1 Qc8 26. Nf5 h5 27. Ne7+ Kh7 28. Nxc8 Rxc8 29. Qf2 Rxa4 30. Qxc2 Rc4 31. Qg2 Rd8 32. Bf4 Bb8 33. Qe2 b5 34. Kg2 Ng4 35. Bxb8 Rc2 36.
Qxc2 Ne3+ 37. Kf3 Nxc2 38. Bc7 Nd4+ 39. Kg3 Rc8 40. Be5 Ne6 41. Rd1 Nxg5 0-1

[Event "*** Titled Tuesday Blitz"]
[Site "Chess.com"]
[Date "2021.03.30"]
[Round "8"]
[White "Aleksey_Sorokin"]
[Black "BrandonJacobson"]
[Result "1-0"]
[WhiteElo "2783"]
[BlackElo "2957"]
[TimeControl "180+1"]
[EndTime "11:28:59 PDT"]
[Termination "Aleksey_Sorokin won by resignation"]

1. d4 d5 2. c4 e6 3. Nf3 h6 4. g3 Nf6 5. Bg2 Bd6 6. O-O O-O 7. Qc2 b6 8. Rd1 Bb7 9. b3 Nbd7 10. Bb2 Qe7 11.
Nc3 a6 12. Rac1 c5 13. cxd5 exd5 14. e3 c4 15. Nh4 b5 16. Nf5 Qe6 17. bxc4 bxc4 18.
Bh3 Kh8 19. Kg2 g5 20. Nxd6 Qxd6 21. Bxd7 Qxd7 22. e4 dxe4 23. d5 Kg8 24. Nxe4 Nxe4 25. Qxe4 Rad8 26. Kg1 Bxd5 27. Qd4 f6 28. Qc5 Qe6 29. Bc3 Qe4 30. Rxd5 Rxd5 31. Qb6 Rfd8 32. Re1 Qf5 33. Kg2 g4 34. Re3 Rd3 35. h4 Qd5+ 36.
Kh2 Rd1 37. Be1 Qf5 38. Re7 R8d7 39. Qb8+ Rd8 40. Qc7 R1d7 41. Qxc4+ Qd5 42. Qxg4+ 1-0

[Event "*** Titled Tuesday Blitz"]
[Site "Chess.com"]
[Date "2021.03.30"]
[Round "8"]
[White "Michaelson_11"]
[Black "Spriteball"]
[Result "1-0"]
[WhiteElo "2249"]
[BlackElo "2344"]
[TimeControl "180+1"]
[EndTime "11:28:59 PDT"]
[Termination "Michaelson_11 won on time"]

1. e4 e5 2. Nf3 Nc6 3. Nc3 Nf6 4. Bb5 Bc5 5. O-O d6 6. d4 exd4 7. Nxd4 Bd7 8. Nf5 O-O 9. Bg5 h6 10. Bxf6 Qxf6 11. Nd5 Qd8 12. Bxc6 bxc6 13. Nde7+ Kh8 14. Qg4 Bd4 15. Nxc6 Bxc6 16. Nxd4 Bd7 17. Qg3 Rb8 18. b3 Qf6 19. Rad1 Rfe8 20. Rfe1 Re7 21. c4 Rbe8 22. f3 c6 23. Ne2 Re6 24. Nf4 R6e7 25. Nh5 Qg6 26.
Qxg6 fxg6 27. Nf4 Kh7 28. Rxd6 g5 29. Ng6 Rf7 30. Red1 Bc8 31. Rxc6 Rf6 32. Rdd6 Rxd6 33. Rxd6 a5 34. h4 Bb7 35. h5 1-0

[Event "*** Titled Tuesday Blitz"]
[Site "Chess.com"]
[Date "2021.03.30"]
[Round "8"]
[White "PawnEatingZombie"]
[Black "Walter_White_Poland"]
[Result "1-0"]
[WhiteElo "2201"]
[BlackElo "2273"]
[TimeControl "180+1"]
[EndTime "11:29:01 PDT"]
[Termination "PawnEatingZombie won on time"]

1. d4 Nf6 2. c4 e6 3. Nc3 Bb4 4. Qc2 c5 5. dxc5 O-O 6. a3 Bxc5 7. Nf3 b5 8. Nxb5 Bb7 9. Nc3 a5 10. Bg5 h6 11. Bh4 g5 12. Bg3 Nh5 13. e3 f5 14. Be2 d6 15. Rd1 Qe7 16. Nd4 Nxg3 17.
hxg3 Kg7 18. Bf3 Bxf3 19. Nxf3 Nc6 20. O-O h5 21. Na4 Ba7 22. c5 d5 23. Qc3+ Qf6 24.
Nxg5 Qxc3 25. Nxc3 Rfe8 26. Na4 Rab8 27. Nf3 Rb5 28.
Nd4 Nxd4 29. exd4 Rc8 30. Rfe1 Kf7 31. Re3 Rc6 32. Rde1 Bb8 33. R1e2 f4 34. gxf4 Kf6 35. g3 1-0

[Event "*** Titled Tuesday Blitz"]
[Site "Chess.com"]
[Date "2021.03.30"]
[Round "8"]
[White "Susik_Gaboyan"]
[Black "geordie_derraugh"]
[Result "1-0"]
[WhiteElo "2256"]
[BlackElo "2430"]
[TimeControl "180+1"]
[EndTime "11:29:02 PDT"]
[Termination "Susik_Gaboyan won by checkmate"]

1. e4 c5 2. Nc3 Nc6 3. f4 g6 4. Bb5 Nd4 5. Nf3 Nxb5 6. Nxb5 d5 7. exd5 a6 8. Nc3 Bg7 9. O-O Nf6 10. d4 c4 11. Ne5 Nxd5 12. Nxc4 O-O 13. Ne5 Bf5 14.
Nxd5 Qxd5 15. c3 f6 16. Nd3 Rad8 17. Nc5 e5 18. fxe5 fxe5 19. Bg5 Rd6 20. Be7 exd4 21. Bxd6 Qxd6 22. Nb3 d3 23. Qd2 a5 24. Rae1 Be5 25.
h3 Bh2+ 26. Kh1 Bg3 27. Rd1 Qd5 28. Nd4 Bxh3 29. Rxf8+ Kxf8 30. Rf1+ Kg8 31. Rf3 Bxg2+ 32. Kxg2 Be5 33. Qxd3 Qxa2 34. Qe4 Qxb2+ 35. Rf2 Qxc3 36. Qxe5 Qc7 37. Qe6+ Kg7 38. Qd5 Kh6 39. Ne6 Qc3 40.
Qd2+ Qxd2 41. Rxd2 b5 42. Kf3 b4 43. Rh2# 1-0

[Event "*** Titled Tuesday Blitz"]
[Site "Chess.com"]
[Date "2021.03.30"]
[Round "8"]
[White "thechesscorner64"]
[Black "novocane"]
[Result "1/2-1/2"]
[WhiteElo "2337"]
[BlackElo "2230"]
[TimeControl "180+1"]
[EndTime "11:29:02 PDT"]
[Termination "Game drawn by repetition"]

1. e4 c5 2. Nf3 Nc6 3. Bb5 Nf6 4.
e5 Nd5 5. O-O g6 6. c4 Nc7 7. d4 cxd4 8. Nxd4 Nxe5 9. Nc3 Bg7 10. Re1 O-O 11. Bg5 Ne6 12. Nxe6 fxe6 13. f4 Nf7 14.
Ne4 a6 15. Ba4 b5 16. Bb3 bxc4 17. Bc2 d5 18. Ng3 Nxg5 19. fxg5 e5 20. b3 c3 21. Qe2 Be6 22. Rad1 Qb6+ 23. Kh1 Rf2 24. Qd3 e4 25. Nxe4 dxe4 26. Qxe4 Raf8 27. h3 Bf5 28. Qc4+ Kh8 29.
Bxf5 R2xf5 30. Rxe7 Rxg5 31. Rdd7 Qf6 32. Qe4 Qf1+ 33.
Kh2 Qf4+ 34. Qxf4 Rxf4 35. Rxg7 Rgf5 36. Rxh7+ Kg8 37. Rhg7+ Kh8 38. Rh7+ Kg8 39. Rhg7+ Kh8 40. Rh7+ 1/2-1/2

[Event "*** Titled Tuesday Blitz"]
[Site "Chess.com"]
[Date "2021.03.30"]
[Round "8"]
[White "politeplayer"]
[Black "NoGuru"]
[Result "0-1"]
[WhiteElo "2215"]
[BlackElo "2327"]
[TimeControl "180+1"]
[EndTime "11:29:02 PDT"]
[Termination "NoGuru won on time"]

1. e4 c6 2. d4 d5 3. Nd2 dxe4 4. Nxe4 Bf5 5. Ng3 Bg6 6. Bc4 Nf6 7. h4 h6 8. N1e2 e6 9. Nf4 Bh7 10. Qe2 Bd6 11.
Bxe6 O-O 12. O-O Bxf4 13. Bxf4 Re8 14. Bxf7+ Kxf7 15. Qc4+ Qd5 16. Qb4 b6 17. Rae1 Nbd7 18. Be3 a5 19. Qd2 Ne4 20. Qd1 Kg8 21. b3 b5 22. Qg4 Ndf6 23. Qh3 Qe6 24. Qxe6+ Rxe6 25. h5 Nxg3 26. fxg3 Bxc2 27. Bd2 Rae8 28. Rxe6 Rxe6 29. Bxa5 Nxh5 30. Kh2 Nf6 31. Bd8 Kf7 32. g4 Rd6 33. Bxf6 Rxf6 34. Rc1 Be4 35. Kg3 Bd5 36. Rb1 Re6 37.
Kf2 Re4 38. g5 hxg5 39. a4 b4 40. a5 Rxd4 41. a6 Rd2+ 42. Ke3 Ra2 43. Rf1+ Kg6 44.
Kd4 Rxa6 45. g4 Bxb3 46. Kc5 Bd5 47. Kxb4 Ra2 48. Kc5 Rg2 49. Kd6 Rxg4 50. Ke7 Re4+ 51. Kf8 Rf4+ 0-1

[Event "*** Titled Tuesday Blitz"]
[Site "Chess.com"]
[Date "2021.03.30"]
[Round "8"]
[White "picturesquecheck"]
[Black "InitiatingASC"]
[Result "1/2-1/2"]
[WhiteElo "2278"]
[BlackElo "2439"]
[TimeControl "180+1"]
[EndTime "11:29:04 PDT"]
[Termination "Game drawn by repetition"]

1. e4 c5 2. Nf3 Nc6 3. d4 cxd4 4.
Nxd4 Nf6 5. Nc3 e5 6. Ndb5 h6 7. Nd6+ Bxd6 8. Qxd6 Qe7 9. Qd1 O-O 10. Bc4 Rd8 11. O-O d6 12. Nd5 Nxd5 13. Bxd5 Be6 14. c4 Nd4 15. Be3 Bxd5 16. cxd5 Nb5 17. a4 Nc7 18.
Rc1 Na6 19. Qb3 Qd7 20. Rc4 b6 21. Rfc1 Nc5 22. Qd1 a5 23. f3 f5 24. Bxc5 bxc5 25. b3 Rdb8 26. R4c3 Rb4 27. Qc2 Rf8 28. Re1 fxe4 29.
fxe4 Qg4 30. h3 Qh4 31. Rce3 Rf6 32. Qe2 Rb8 33. Qa6 Rbf8 34. Qxa5 Rf2 35. Qc3 Qf4 36. Qd3 Rb2 37. Rf3 Qg5 38. Rxf8+ Kxf8 39. Qf3+ Kg8 40. Rf1 Qd2 41. Qf7+ Kh8 42. Qf8+ Kh7 43. Qf5+ Kh8 44. Qg4 Kg8 45. Qf3 Kh8 46. Rf2 Qe1+ 47. Rf1 Qd2 48. a5 Qxa5 49. Qf8+ Kh7 50. Qf5+ Kg8 51. Qe6+ Kh7 52.
Rf8 Qe1+ 53. Kh2 Qxe4 54. Qg8+ Kg6 55. Qf7+ Kh7 56. Qg8+ Kg6 57. Qf7+ Kh7 58. Qg8+ 1/2-1/2